 Dungeon Crawl Stone Soup version 0.26-a0-812-g31a745ddcd (webtiles) character file.

Game seed: 7044542903656976695

121 funkygono the Sneak (level 4, -5/24 HPs)
             Began as a Vampire Enchanter on Nov 22, 2020.
             Slain by Natasha (7 damage)
             ... on level 2 of the Dungeon.
             The game lasted 00:03:34 (1805 turns).

funkygono the Sneak (Vampire Enchanter)             Turns: 1805, Time: 00:03:34

Health: -5/24      AC:  3    Str:  7    XL:     4   Next: 77%
Magic:  1/7        EV: 13    Int: 18    God:
Gold:   59         SH:  0    Dex: 14    Spells: 2/8 levels left

rFire    . . .     SeeInvis +   a - +1 dagger
rCold    + + .     Faith    .   (no shield)
rNeg     + + +     Spirit   .   b - +0 robe
rPois    ∞         Reflect  .   (no helmet)
rElec    .         Harm     .   (no cloak)
rCorr    .         Rampage  .   (no gloves)
MR       .....                  e - +0 pair of boots
Stlth    +++++.....             (no amulet)
HPRegen  0.00/turn              (no ring)
MPRegen  0.10/turn              (no ring)

@: bloodless
A: fangs 3, see invisible, unbreathing
a: Bat Form, Revivify


You were on level 2 of the Dungeon.
You visited 1 branch of the dungeon, and saw 2 of its levels.

You collected 59 gold pieces.

Inventory:

Hand Weapons
 a - a +1 dagger (weapon)
Armour
 b - a +0 robe (worn)
 e - a +0 pair of boots (worn)
Potions
 c - a potion of curing {unknown}
 f - a potion of lignification {unknown}
 g - a potion of might {unknown}


   Skills:
 + Level 0.7 Fighting
 + Level 2.8 Short Blades
 + Level 2.8 Dodging
 + Level 5.6 Stealth
 + Level 2.5 Spellcasting
 + Level 5.0 Hexes


You had 2 spell levels left.
You knew the following spells:

 Your Spells              Type           Power        Failure   Level
a - Corona                Hex            ###....      2%          1
b - Ensorcelled Hibernat  Hex/Ice        ##....       10%         2
c - Tukima's Dance        Hex            ###.....     7%          3

Your spell library contained the following spells:

 Spells                   Type           Power        Failure   Level
 Confusing Touch          Hex            ###.....     7%          3
 Dazzling Flash           Conj/Hex       ##....       19%         3


Dungeon Overview and Level Annotations

Branches:
Dungeon (2/15)

Altars:

Annotations:
D:2 Natasha


Innate Abilities, Weirdness & Mutations

You do not regenerate when monsters are visible.
You are frail without blood (-20% HP).
You can heal yourself when you bite living creatures.
You are immune to poison.
You have razor-sharp teeth.
You have supernaturally acute eyesight. (SInv)
You can survive without breathing.


Message History

You hit Natasha.
Natasha is moderately wounded.
The crimson imp blinks!
Natasha barely misses you.
Casting: Ensorcelled Hibernation (safe; 10% risk of failure)
Confirm with . or Enter, or press ? or * to list all spells.
Aiming: Ensorcelled Hibernation (safe; 10% risk of failure)
Press: ? - help, Shift-Dir - straight line, f/p - Natasha
Aim: Natasha (moderately wounded, chance to defeat MR: 42%) Natasha resists with some effort.
Natasha closely misses you.
You hit Natasha but do no damage. Your bite misses Natasha.
Natasha is moderately wounded.
Casting: Ensorcelled Hibernation (safe; 10% risk of failure)
Confirm with . or Enter, or press ? or * to list all spells.
Aiming: Ensorcelled Hibernation (safe; 10% risk of failure)
Press: ? - help, Shift-Dir - straight line, f/p - Natasha
Aim: Natasha (moderately wounded, chance to defeat MR: 42%) Natasha resists with some effort.
Natasha claws you.
* * * LOW HITPOINT WARNING * * *
Natasha claws you!
You die...

### ## #....... ... .#
#.....# ..##########...## ...
..........#..####
####.##..........).#..5.#
#.......########5#...##..5...
#...# #.###......... ..###
#h# ######.... #..# ##@######
.## ##.## ###......... ..
#..## #....######. . ##..##
####.##.# ##..####....##.#
##.##...#####.# #.....### ..#
. .........# ##.## ..
########.## #.. l..


You could see Natasha and a crimson imp (summoned).

Vanquished Creatures
  Jessica (D:2)
  Natasha (D:2)
  3 adders (D:2)
  A gnoll (D:1)
  A dart slug (D:1)
  2 leopard geckos (D:1)
  6 goblins
  4 hobgoblins (D:1)
  7 kobolds
  3 bats
  A frilled lizard (D:1)
  4 rats
34 creatures vanquished.

Vanquished Creatures (others)
  A kobold (D:2)
1 creature vanquished.

Grand Total: 35 creatures vanquished

Notes
Turn   | Place    | Note
-------+----------+-------------------------------------------
     0 | D:1      | funkygono the Vampire Enchanter began the quest for the
                  | Orb.
     0 | D:1      | Reached XP level 1. HP: 13/13 MP: 3/3
   224 | D:1      | Reached XP level 2. HP: 19/19 MP: 5/5
   325 | D:1      | Reached skill level 5 in Stealth
   588 | D:1      | Reached XP level 3. HP: 19/19 MP: 4/6
  1446 | D:1      | Learned a level 2 spell: Ensorcelled Hibernation
  1465 | D:2      | Noticed Natasha
  1469 | D:2      | Killed Natasha
  1486 | D:2      | Reached XP level 4. HP: 15/24 MP: 4/7
  1491 | D:2      | Learned a level 3 spell: Tukima's Dance
  1648 | D:2      | Found a faded altar of an unknown god.
  1763 | D:2      | Noticed Jessica
  1768 | D:2      | Killed Jessica
  1768 | D:2      | Reached skill level 5 in Hexes
  1776 | D:2      | Noticed Natasha
  1805 | D:2      | Slain by Natasha

Illustrated notes

Levels and vault maps discovered:
D:1:      dpeg_arrival_connections, layout_loops_corners, kennysheep_boxes
D:2:      layout_rooms, kennysheep_okawaru_gauntlet,
          chequers_ecumenical_altar_simple, eino_curves_01, lemuel_flame_loot_1,
          uniq_jessica, uniq_natasha

Skill      XL: |  1  2  3  4 |
---------------+-------------+-----
Stealth        | 5 |  5.6
Short Blades   | 2 |  2.8
Hexes          | 5 |  5.0
Fighting       | |  0.7
Dodging        | |  2.8
Spellcasting   | |  2.5

Action                   |  1- 3 |  4- 6 || total
-------------------------+-------+-------++-------
Melee: Dagger            |   113 |    35 ||   148
       Bite              |    10 |     1 ||    11
 Cast: Corona            |     9 |     3 ||    12
       Ensorcelled Hiber |     1 |     4 ||     5
 Abil: Exsanguinate      |     1 |       ||     1
  Use: Scroll            |     2 |       ||     2
 Stab: Sleeping          |     5 |     3 ||     8
Armor: Robe              |    13 |     8 ||    21
Dodge: Dodged            |    49 |    27 ||    76

Table legend: (Time is in decaauts)
 A = Elapsed time spent in this place.
 B = Non-inter-level travel time spent in this place.
 C = Inter-level travel time spent in this place.
 D = Time resting spent in this place.
 E = Time spent auto-exploring this place.
 F = Levels seen in this place.
 G = Mean time per level.
                   A        B        C        D        E       F      G
               +--------+--------+--------+--------+--------+-----+--------+
         Total |   1824 |   1802 |     22 |      5 |   1452 |   2 |  912.0 |
       Dungeon |   1824 |   1802 |     22 |      5 |   1452 |   2 |  912.0 |
               +--------+--------+--------+--------+--------+-----+--------+

Top non-repeatable levels by time:
     D:1: 1490 daAuts
     D:2: 333 daAuts
